 Dungeon Sprint DCSS version 0.28-a0-991-g956f0ee3d5 (webtiles) character file.

Game seed: 13429758403506157966

399 mhtbhm the Basher (level 6, 0/68 HPs)
             Began as a Troll Monk on Dec 4, 2021.
             Was a Believer of Qazlal.
             Slain by a troll (6 damage)
             ... in the Dungeon (Sprint IX: "|||||||||||||||||||||||||||||").
             The game lasted 00:01:20 (410 turns).

mhtbhm the Basher (Troll Monk)                       Turns: 410, Time: 00:01:21

Health: 0/68       AC:  4    Str: 25    XL:     6   Next: 54%
Magic:  6/7        EV: 12    Int:  6    God:    Qazlal [**....]
Gold:   0          SH:  3    Dex: 12    Spells: 5/5 levels left

rFire   . . .      SeeInvis .   a - +2 dire flail (vorpal)
rCold   . . .      Faith    .   (shield currently unavailable)
rNeg    . . .      Spirit   .   b - +0 robe
rPois   .          Reflect  .   (helmet restricted)
rElec   .          Harm     .   (no cloak)
rCorr   .          Rampage  .   (gloves unavailable)
Will    .....      NoTele   +   (boots unavailable)
Stlth   ++........              (no amulet)
HPRegen 1.01/turn               k - +3 ring of strength
MPRegen 0.10/turn               (no ring)

@: invisible (expiring)
A: large, unfitting armour, claws 3, regeneration 1, shaggy fur 1, tough skin 1
a: Renounce Religion, Upheaval


You were in the Dungeon.
You worshipped Qazlal.
Qazlal was pleased with you.
You visited 1 branch

Inventory:

Hand Weapons
 a - a +2 vorpal dire flail (weapon)
Armour
 b - a +0 robe (worn)
Jewellery
 j - a +2 ring of protection
 k - a +3 ring of strength (left claw)
Wands
 i - a wand of acid (10)
Scrolls
 g - 2 scrolls of amnesia
 h - 2 scrolls of blinking
Potions
 f - 4 potions of magic


   Skills:
 + Level 6.6 Fighting
 + Level 8.2 Maces & Flails
 + Level 6.6 Dodging
 - Level 2.0 Stealth
 * Level 3.0 Invocations


You had 5 spell levels left.
You didn't know any spells.
Your spell library was empty.

Dungeon Overview and Level Annotations

Branches:
Dungeon (1/1)

Altars:
Cheibriados
Dithmenos
Elyvilon
Fedhas
Gozag
Hepliaklqana
Kikubaaqudgha
Makhleb
Nemelex Xobeh
Okawaru
Qazlal
Ru
Sif Muna
Trog
Uskayaw
Vehumet
Wu Jian
Xom
Yredelemnul
Zin
The Shining One
Beogh
Jiyva
Lugonu


Innate Abilities, Weirdness & Mutations

You are too large for most types of armour.
You have claws for hands.
Your natural rate of healing is unusually fast.
You are covered in fur. (AC +1)
You have tough skin. (AC +1)


Message History

Unknown command.
You feel much better. The troll bites you! The troll barely misses you.
You block the troll's attack.
You closely miss the troll.
The troll is heavily wounded.
The troll bites you! You block the troll's attack. The troll misses you.
The troll barely misses you. The troll claws you!
* * * LOW HITPOINT WARNING * * *
The troll claws you!
* * * LOW HITPOINT WARNING * * *
Unknown command.
Okay, then.
The giant cockroach zombie waves its antennae.
The troll barely misses you. The troll closely misses you.
The troll barely misses you.
You see here a +2 ring mail.
You see here a +0 pair of gloves.
You block the troll's attack. The troll claws you.
* * * LOW HITPOINT WARNING * * *
The troll claws you but does no damage.
You see here a +0 pair of gloves.
You flicker for a moment.
You feel better.
You feel yourself speed up. The troll bites you!
* * * LOW HITPOINT WARNING * * *
The troll claws you.
* * * LOW HITPOINT WARNING * * *
The troll misses you. The troll bites you.
* * * LOW HITPOINT WARNING * * *
You block the troll's attack. The troll closely misses you.
You feel better. The troll barely misses you. The troll closely misses you.
The troll claws you!
* * * LOW HITPOINT WARNING * * *
Unknown command.
Okay, then.
You feel better. The troll bites you!
* * * LOW HITPOINT WARNING * * *
The troll claws you.
You die... ▓▓▓▓▓▓▓▓▓▓▓▓▓▓▓▓▓▓▓▓▓▓▓▓▓▓▓▓▓ ____________'..)@ToT.Z†...... ▓▓▓▓▓▓▓▓▓▓▓▓▓▓▓▓▓▓▓▓▓▓▓▓▓▓▓▓▓

You could see 2 trolls, an orc warrior and a giant cockroach zombie (wandering).

Vanquished Creatures
  A wraith (D)
  An ogre (D)
  A scorpion (D)
  A killer bee (D)
  A jelly (D)
  An orc wizard (D)
  A worm (D)
  An endoplasm (D)
  A quokka (D)
  A ball python (D)
  A bat (D)
  A rat (D)
12 creatures vanquished.

Notes
Turn   | Place    | Note
-------+----------+-------------------------------------------
     0 | D        | mhtbhm the Troll Monk began the quest for the Orb.
     0 | D        | Reached XP level 1. HP: 22/22 MP: 0/0
     6 | D        | Banished a spatial maelstrom
    15 | D        | Reached skill level 3 in Maces & Flails
   126 | D        | Noticed a jelly
   126 | D        | Noticed a scorpion
   126 | D        | Noticed an orc wizard
   126 | D        | Noticed an ogre
   130 | D        | Killed a jelly
   131 | D        | Reached skill level 4 in Maces & Flails
   131 | D        | Reached XP level 2. HP: 28/32 MP: 1/1
   131 | D        | Reached XP level 3. HP: 34/39 MP: 2/2
   136 | D        | Killed a scorpion
   137 | D        | Reached skill level 5 in Maces & Flails
   137 | D        | Reached XP level 4. HP: 43/49 MP: 3/3
   165 | D        | Reached skill level 5 in Dodging
   170 | D        | Killed an ogre
   171 | D        | Reached skill level 5 in Fighting
   171 | D        | Reached skill level 6 in Maces & Flails
   171 | D        | Reached XP level 5. HP: 46/58 MP: 4/4
   176 | D        | Found a snail-covered altar of Cheibriados.
   176 | D        | Found a shadowy altar of Dithmenos.
   176 | D        | Found a white marble altar of Elyvilon.
   176 | D        | Found a blossoming altar of Fedhas.
   176 | D        | Found an opulent altar of Gozag.
   177 | D        | Found a hazy altar of Hepliaklqana.
   178 | D        | Found a viscous altar of Jiyva.
   179 | D        | Found an ancient bone altar of Kikubaaqudgha.
   180 | D        | Found a corrupted altar of Lugonu.
   181 | D        | Found a burning altar of Makhleb.
   182 | D        | Found a sparkling altar of Nemelex Xobeh.
   183 | D        | Found an iron altar of Okawaru.
   184 | D        | Found a stormy altar of Qazlal.
   191 | D        | Found a sacrificial altar of Ru.
   192 | D        | Found a shimmering blue altar of Sif Muna.
   193 | D        | Found a bloodstained altar of Trog.
   194 | D        | Found a hide-covered altar of Uskayaw.
   195 | D        | Found a radiant altar of Vehumet.
   196 | D        | Found an ornate altar of the Wu Jian Council.
   197 | D        | Found a shimmering altar of Xom.
   198 | D        | Became a worshipper of Qazlal Stormbringer
   198 | D        | Reached * piety under Qazlal
   198 | D        | Reached ** piety under Qazlal
   199 | D        | Found a basalt altar of Yredelemnul.
   200 | D        | Found a glowing silver altar of Zin.
   201 | D        | Found a glowing golden altar of the Shining One.
   376 | D        | Noticed a wraith
   376 | D        | Noticed a troll
   376 | D        | Noticed an orc warrior
   376 | D        | Noticed a troll
   393 | D        | Killed a wraith
   394 | D        | Reached skill level 7 in Maces & Flails
   394 | D        | Reached XP level 6. HP: 37/68 MP: 4/6
   399 | D        | Reached skill level 8 in Maces & Flails
   408 | D        | HP: 2/68 [troll (3)]
   410 | D        | Slain by a troll

Illustrated notes

Levels and vault maps discovered:
D:        linesprint [early_d, line_temple, items_1, d_10, items_2, lair_1,
          lair_end, items_3, orc_1, orc_end, items_4, d_15, swamp_1, shoals_1,
          snake_1, spider_1, d_20, vaults_1, items_5, swamp_end, shoals_end,
          snake_end, spider_end, vaults_end, d_27, items_6, zot_1, zot_end,
          crypt_end, forest_end, elf_end, slime_end, tomb_end, abyss_end,
          pan_hell_end]

Skill      XL: |  1  2  3  4  5  6 |
---------------+-------------------+-----
Maces & Flails | 4 5 6 7 8 |  8.2
Fighting       | 3 4 5 6 |  6.6
Dodging        | 3 4 5 6 |  6.6
Stealth        | 2 |  2.0
Invocations    | 2 3 |  3.0

Action                   |  1- 3 |  4- 6 || total
-------------------------+-------+-------++-------
Melee: Mace              |    25 |    26 ||    51
       Dire flail        |       |    22 ||    22
  Use: Potion            |     1 |    10 ||    11
 Stab: Sleeping          |     1 |       ||     1
       Invisible         |       |     2 ||     2
Armor: Robe              |     5 |    11 ||    16
Dodge: Dodged            |    14 |    38 ||    52
Block: Other             |       |     5 ||     5

Table legend: (Time is in decaauts)
 A = Elapsed time spent in this place.
 B = Non-inter-level travel time spent in this place.
 C = Inter-level travel time spent in this place.
 D = Time resting spent in this place.
 E = Time spent auto-exploring this place.
 F = Levels seen in this place.
 G = Mean time per level.
                   A        B        C        D        E       F      G
               +--------+--------+--------+--------+--------+-----+--------+
         Total |    415 |    415 |      0 |    242 |      3 |   1 |  415.0 |
       Dungeon |    415 |    415 |      0 |    242 |      3 |   1 |  415.0 |
               +--------+--------+--------+--------+--------+-----+--------+

Top non-repeatable levels by time:
       D: 415 daAuts
